 Dungeon Crawl Stone Soup version 0.29.1-4-g47bece8355 (webtiles) character file.

Game seed: 16301494360853563602

1966 Lutefisk the Ducker (level 9, -5/64 HPs)
             Began as an Octopode Transmuter on Dec 4, 2022.
             Slain by an ogre
             ... wielding a +0 giant club
              (11 damage)
             ... on level 6 of the Dungeon.
             The game lasted 00:23:22 (4444 turns).

Lutefisk the Ducker (Octopode Transmuter)           Turns: 4444, Time: 00:23:23

Health: -5/64      AC:  1    Str:  9    XL:     9   Next: 19%
Magic:  21/21      EV: 16    Int: 16    God:
Gold:   188        SH:  0    Dex: 16    Spells: 6/12 levels left

rFire   + . .      SeeInvis .     - Unarmed
rCold   . . .      Faith    .   (no shield)
rNeg    . . .      Spirit   .   (helmet restricted)
rPois   .          Reflect  .   (no amulet)
rElec   .          Harm     .   m - ring of flight
rCorr   .          Rampage  .   p - ring of magical power
Will    +....                   u - ring of willpower
Stlth   +++.......              v - ring of protection from fire
HPRegen 0.20/turn               (no ring)
MPRegen 0.17/turn               (no ring)
                                (no ring)
                                (no ring)

@: flying
A: almost no armour, amphibious, 8 rings, camouflage 1, gelatinous body 1,
(nimble swimmer 1), tentacles
a: no special abilities


You were on level 6 of the Dungeon.
You visited 1 branch of the dungeon, and saw 6 of its levels.

You collected 188 gold pieces.

Inventory:

Missiles
 f - 6 curare-tipped darts
 s - a silver boomerang
 y - 12 poisoned darts (quivered)
Armour
 o - a +0 buckler
Jewellery
 m - a ring of flight (left tentacle)
 p - a ring of magical power (right tentacle)
 u - a ring of willpower (on tentacle)
 v - a ring of protection from fire (on tentacle)
Wands
 t - a wand of digging (12)
 x - a wand of flame (13)
Scrolls
 i - 2 scrolls of enchant weapon {unknown}
 j - 2 scrolls of blinking {unknown}
 k - a scroll of magic mapping {unknown}
 l - 3 scrolls of poison {unknown}
 q - 3 scrolls of teleportation {unknown}
 r - 9 scrolls of identify {unknown}
Potions
 a - a potion of lignification
 b - 2 potions of curing
 c - 2 potions of haste {unknown}
 d - a potion of degeneration {unknown}
 e - a potion of flight {unknown}
 g - a potion of ambrosia {unknown}
 n - a potion of brilliance {unknown}
 w - a potion of mutation {unknown}


   Skills:
 - Level 7.0 Fighting
 - Level 7.0 Dodging
 - Level 1.0 Stealth
 - Level 6.0 Unarmed Combat
 - Level 2.0 Spellcasting
 * Level 4.0 Transmutations
 - Level 2.0 Poison Magic


You had 6 spell levels left.
You knew the following spells:

 Your Spells              Type           Power      Damage    Failure   Level
a - Beastly Appendage     Tmut           28%        N/A       4%          1
b - Wereblood             Tmut           14%        N/A       6%          2
c - Spider Form           Tmut/Pois      11%        N/A       19%         3

Your spell library contained the following spells:

 Spells                   Type           Power      Damage    Failure   Level
 Blink                    Tloc           2%         N/A       30%         2
 Lesser Beckoning         Tloc           1%         N/A       52%         3
 Ice Form                 Ice/Tmut       8%         N/A       65%         4
 Manifold Assault         Tloc           1%         N/A       99%         5


Dungeon Overview and Level Annotations

Branches:
Dungeon (6/15)
 Temple: D:4-7

Altars:
Qazlal
Uskayaw

Annotations:
D:4 2 transporters, 2 runed translucent doors


Innate Abilities, Weirdness & Mutations

You cannot wear most types of armour.
You are amphibious.
You can wear up to eight rings at the same time.
Your skin changes colour to match your surroundings (Stealth+).
Your rubbery body absorbs attacks. (AC +1, EV +1)
((You are camouflaged when in or above water. (Stealth+)))
You have tentacles for arms and can constrict up to eight enemies at once.


Message History

Your Fighting skill increases to level 7!
Unknown command.
You feel sick.
You feel sick.
A kobold comes into view. It is wielding a +0 dagger.
You barely miss the kobold. Your grab misses the kobold.
You pierce the kobold.
You feel a bit better.
You kill the kobold!
You feel sick.
You are no longer poisoned.
Training target 4.0 for Transmutations reached!
Your Transmutations skill increases to level 4!
You need to enable at least one skill for training.
You howl as the wereblood boils in your veins!
The kobold misses you.
You see here a +2 short sword of holy wrath.
You barely miss the kobold. You grab the kobold.
You pierce the kobold.
You tentacle-slap the kobold.
You feel a bit better.
You kill the kobold!
You bludgeon the kobold!
You feel a bit better.
You kill the kobold!
y - 12 poisoned darts (gained 7)
Items here: ( )))).
Your transformation is almost over.
You see here a +2 short sword of holy wrath.
You howl as the wereblood boils in your veins!
You see here a +2 short sword of holy wrath.
Items here: ( )))).
Your primal bloodlust is almost over.
Your tentacle spike disappears.
You hear a shout!
Your primal bloodlust has ended.
An ogre comes into view. It is wielding a +0 giant club.
Found a stone staircase leading down.
The ogre hits you with a +0 giant club!!
* * * LOW HITPOINT WARNING * * *
Okay, then.
It was a potion of curing.
You feel better. The ogre hits you with a +0 giant club!
You die...

... #.# #####.#
...##.# ..>.... #
#.####...#..## .##
#..O@.#
#...####....
#####.#
#........#.
#.#####..........
#.......#)#######
##########)#######
#.....)..)........
#.########.#######
#..........######
######..........##


You could see an ogre.

Vanquished Creatures
  Pikel (D:5)
  Eustachio (D:5)
  A steam dragon (D:5)
  Duvessa (D:5)
  An ice beast (D:5)
  2 ogres
  A centaur (D:5)
  2 lemures (D:5)
  A phantom (D:5)
  A kobold brigand (D:6)
  A necrophage (D:4)
  A scorpion (D:6)
  Dowan (D:5)
  A hound (D:5)
  A gnoll bouda (D:6)
  2 iguanas
  3 jellies
  Ijyb (D:4)
  6 adders
  7 gnolls
  A white imp (D:5)
  A worm (D:2)
  18 orcs
  5 ball pythons
  6 bats
  9 endoplasms
  7 giant cockroaches
  3 goblins
  11 hobgoblins
  2 jackals (D:1)
  11 kobolds
  4 quokkas
  3 frilled lizards
  6 rats
123 creatures vanquished.

Vanquished Creatures (others)
  6 plants (D:1)
6 creatures vanquished.

Grand Total: 129 creatures vanquished

Notes
Turn   | Place    | Note
-------+----------+-------------------------------------------
     0 | D:1      | Lutefisk the Octopode Transmuter began the quest for the
                  | Orb.
     0 | D:1      | Reached XP level 1. HP: 13/13 MP: 3/3
    77 | D:1      | Reached XP level 2. HP: 5/19 MP: 3/5
   673 | D:1      | Reached XP level 3. HP: 13/25 MP: 4/6
   676 | D:1      | Learned a level 2 spell: Wereblood
   680 | D:1      | Learned a level 3 spell: Spider Form
   711 | D:1      | Found a faded altar of an unknown god.
   882 | D:1      | Reached skill level 1 in Poison Magic
  1447 | D:3      | Reached XP level 4. HP: 28/31 MP: 7/7
  1450 | D:3      | Reached skill level 1 in Stealth
  1893 | D:4      | Reached XP level 5. HP: 36/36 MP: 8/8
  2085 | D:4      | Noticed Ijyb
  2096 | D:4      | Killed Ijyb
  2110 | D:4      | Found a transporter.
  2120 | D:4      | Found a transporter.
  2165 | D:4      | Noticed an ogre
  2171 | D:5      | Entered Level 5 of the Dungeon
  2183 | D:5      | Noticed an ogre
  2318 | D:5      | Noticed a centaur
  2330 | D:5      | Killed a centaur
  2331 | D:5      | Reached XP level 6. HP: 21/43 MP: 9/9
  2334 | D:5      | Noticed Pikel
  2547 | D:4      | Found a hide-covered altar of Uskayaw.
  2551 | D:4      | Found a stormy altar of Qazlal.
  2597 | D:4      | Found a large runed translucent door.
  2599 | D:4      | Found a large runed translucent door.
  2872 | D:5      | Reached XP level 7. HP: 38/48 MP: 10/10
  2930 | D:5      | Reached skill level 5 in Dodging
  2961 | D:5      | Noticed Eustachio
  2980 | D:5      | Killed Eustachio
  2981 | D:5      | Reached skill level 5 in Fighting
  3113 | D:5      | Killed Pikel
  3114 | D:5      | Reached skill level 5 in Unarmed Combat
  3114 | D:5      | Reached XP level 8. HP: 7/57 MP: 11/11
  4023 | D:5      | Noticed Duvessa
  4038 | D:5      | Killed Duvessa
  4042 | D:5      | Noticed Dowan
  4047 | D:5      | Killed Dowan
  4287 | D:6      | Reached XP level 9. HP: 58/63 MP: 12/12
  4443 | D:6      | HP: 1/64 [ogre/+0 giant club (31)]
  4444 | D:6      | Slain by an ogre

Illustrated notes

Levels and vault maps discovered:
D:1:      dpeg_arrival_tiny_g, layout_rooms, nicolae_ecumenical_lake_church,
          serial_bayou_lake_a
D:2:      layout_loops_ring
D:3:      minmay_spotlight, layout_loops_cross, serial_undead, serial_undead_d,
          serial_undead_e, serial_undead_d, serial_undead_c
D:4:      gammafunk_wand_slinger, layout_basic, jmf_multi_god_temple2,
          grunt_temple_overflow_open, st_stairs_3, uniq_ijyb
D:5:      layout_loops_corners, kennysheep_pointless_box, uniq_pikel,
          uniq_eustachio, uniq_duvessa
D:6:      layout_basic

Skill      XL: |  1  2  3  4  5  6  7  8  9 |
---------------+----------------------------+-----
Fighting       | 2 3 4 6 7 |  7.0
Poison Magic   | 2 |  2.0
Stealth        | 1 |  1.0
Dodging        | 3 4 5 7 |  7.0
Transmutations | 3 4 |  4.0
Unarmed Combat | 4 5 6 |  6.0
Spellcasting   | |  2.0

Action                   |  1- 3 |  4- 6 |  7- 9 || total
-------------------------+-------+-------+-------++-------
Melee: Unarmed           |    92 |    23 |   127 ||   242
       Constrict         |    25 |    28 |    11 ||    64
       Kick              |    23 |       |     8 ||    31
       Tentacles         |    19 |    20 |    13 ||    52
       Spear             |    18 |   128 |    17 ||   163
       Punch             |     1 |     4 |     6 ||    11
Throw: Stone             |    13 |    31 |     1 ||    45
 Cast: Beastly Appendage |    17 |       |     3 ||    20
       Spider Form       |     1 |     2 |    10 ||    13
       Wereblood         |       |       |     1 ||     1
 Abil: End Transformatio |       |       |     1 ||     1
  Use: Potion            |       |       |     1 ||     1
 Stab: Sleeping          |     6 |     5 |     3 ||    14
Armor: Skin              |     4 |     2 |       ||     6
Dodge: Dodged            |    40 |    73 |    93 ||   206
